 Dungeon Sprint DCSS version 0.27.1-33-g824d729ab1 (webtiles) character file.

Game seed: 5615528589314742019

739 Hipnos the Unseen (level 7, -2/32 HPs)
             Began as a Spriggan Enchanter on Nov 25, 2021.
             Was an Initiate of Kikubaaqudgha.
             Slain by a chaos spawn (8 damage)
             ... summoned by a kobold demonologist
             ... in the Dungeon (Sprint I: "Red Sonja").
             The game lasted 00:03:07 (440 turns).

Hipnos the Unseen (Spriggan Enchanter)               Turns: 440, Time: 00:03:08

Health: -2/32      AC:  2    Str:  4    XL:     7   Next: 46%
Magic:  4/19       EV: 22    Int: 16    God:    Kikubaaqudgha [......]
Gold:   405        SH:  0    Dex: 18    Spells: 13/22 levels left

rFire    . . .     SeeInvis +   a - +1 dagger
rCold    . . .     Faith    .   (shield restricted)
rNeg     . . .     Spirit   .   b - +0 robe
rPois    .         Reflect  .   (helmet restricted)
rElec    .         Harm     .   (no cloak)
rCorr    .         Rampage  .   (gloves unavailable)
Will     +....     NoTele   +   (boots unavailable)
Stlth    +++++++...             (no amulet)
HPRegen  0.10/turn              (no ring)
MPRegen  0.16/turn              (no ring)

@: very quick
A: very small, no large weapons, unfitting armour, see invisible, speed 3
a: Renounce Religion


You were in the Dungeon.
You worshipped Kikubaaqudgha.
Kikubaaqudgha was noncommittal.
You visited 1 branch You collected 405 gold pieces.

Inventory:

Hand Weapons
 a - a +1 dagger (weapon)
Armour
 b - a +0 robe (worn)
Scrolls
 h - a scroll of blinking
 i - a scroll of brand weapon {unknown}
Potions
 c - a potion of curing
 d - a potion of heal wounds
 e - a potion of haste
 f - 2 potions of magic
 g - a potion of brilliance {unknown}
 j - a potion of mutation {unknown}


   Skills:
 + Level 2.3 Short Blades
 + Level 7.5 Dodging
 * Level 19.6 Stealth
 + Level 8.3 Spellcasting
 - Level 3.6 Hexes
 + Level 1.2 Ice Magic


You had 13 spell levels left.
You knew the following spells:

 Your Spells              Type           Power      Damage    Failure   Level
a - Corona                Hex            20%        N/A       2%          1
b - Ensorcelled Hibernat  Hex/Ice        28%        N/A       6%          2
c - Confusing Touch       Hex            18%        N/A       8%          3
d - Dazzling Flash        Conj/Hex       24%        N/A       16%         3

Your spell library contained the following spells:

 Spells                   Type           Power      Damage    Failure   Level
 Tukima's Dance           Hex            18%        N/A       8%          3


Dungeon Overview and Level Annotations

Branches:
Dungeon (1/1)

Altars:
Cheibriados
Dithmenos
Elyvilon
Fedhas
Gozag
Hepliaklqana
Kikubaaqudgha
Makhleb
Nemelex Xobeh
Okawaru
Qazlal
Ru
Sif Muna
Trog
Uskayaw
Vehumet
Wu Jian
Xom
Yredelemnul
Zin
The Shining One
Jiyva
Lugonu

Shops:
D !


Innate Abilities, Weirdness & Mutations

You are very small and have problems with some larger weapons.
You are too small for most types of armour.
You have supernaturally acute eyesight. (SInv)
You cover ground extremely quickly. (Speed+++)


Message History

Casting: Ensorcelled Hibernation (safe; 7% risk of failure)
Confirm with . or Enter, or press ? or * to list all spells.
Aiming: Ensorcelled Hibernation (safe; 7% risk of failure)
Press: ? - help, Shift-Dir - straight line, f/p - floating eye
Aim: a floating eye (lightly wounded, chance to affect: 52%)
The floating eye looks drowsy...
The kobold demonologist casts a spell.
The kobold demonologist casts a cantrip, but nothing happens.
The helpless floating eye fails to defend itself.
You perforate the floating eye like a sieve!!!!
You kill the floating eye!
Kikubaaqudgha accepts your kill.
The kobold demonologist closely misses you.
The kobold demonologist hits you with a +0 dagger.
The quasit closely misses you. The quasit completely misses you. x2
Your Spellcasting skill increases to level 8!
Your Ice Magic skill increases to level 1!
Casting: Ensorcelled Hibernation (safe; 6% risk of failure)
Confirm with . or Enter, or press ? or * to list all spells.
Okay, then.
The chaos spawn misses you.
The kobold demonologist completely misses you.
There is an open door here.
The chaos spawn barely misses you.
There are monsters nearby!
The kobold demonologist gestures wildly while chanting.
The chaos spawn hits you!
* * * LOW HITPOINT WARNING * * *
You feel your power leaking away.
The kobold demonologist closely misses you.
Casting: Ensorcelled Hibernation (safe; 6% risk of failure)
Confirm with . or Enter, or press ? or * to list all spells.
Aiming: Ensorcelled Hibernation (safe; 6% risk of failure)
Press: ? - help, Shift-Dir - straight line, f - kobold demonologist
Aim: a kobold demonologist, wielding a +0 dagger and wearing a +0 robe (chance to affect: 28%)
The kobold demonologist easily resists.
The chaos spawn hits you.
* * * LOW HITPOINT WARNING * * *
The chaos spawn shocks you!
You die...
Kikubaaqudgha rasps: "You have failed me!
Welcome... death!"

######################
.)'..#.)'..#__#.4KK55#
..#.)'..#..'..'.@#...#
####'#####'#__####35.+
###..#...#.#### #####
__####..##.#
_____##'#_.+
_.∩...†..._#
_..__##_.#'#
_____###+#[# ######
###


You could see 2 kobold demonologists, a chaos spawn (summoned), a quasit
(summoned) and an ufetubus (summoned).

Vanquished Creatures
  A slime creature (D)
  Sigmund (D)
  A yak (D)
  A floating eye (D)
  An ogre (D)
  A jelly (D)
  Ijyb (D)
7 creatures vanquished.

Notes
Turn   | Place    | Note
-------+----------+-------------------------------------------
     0 | D        | Hipnos the Spriggan Enchanter began the quest for the Orb.
     0 | D        | Reached XP level 1. HP: 9/9 MP: 5/5
     2 | D        | Noticed Ijyb
    11 | D        | Killed Ijyb
    12 | D        | Reached skill level 8 in Stealth
    12 | D        | Reached XP level 2. HP: 12/13 MP: 5/7
    69 | D        | Learned a level 2 spell: Ensorcelled Hibernation
   115 | D        | Noticed an ogre
   118 | D        | Killed an ogre
   119 | D        | Reached skill level 12 in Stealth
   119 | D        | Reached skill level 5 in Spellcasting
   119 | D        | Reached XP level 3. HP: 16/16 MP: 7/10
   119 | D        | Reached XP level 4. HP: 21/21 MP: 8/12
   155 | D        | Noticed Sigmund
   158 | D        | Killed Sigmund
   159 | D        | Reached skill level 15 in Stealth
   159 | D        | Reached XP level 5. HP: 24/24 MP: 12/14
   159 | D        | Reached XP level 6. HP: 28/28 MP: 13/16
   171 | D        | Found an ornate altar of the Wu Jian Council.
   171 | D        | Found a shimmering blue altar of Sif Muna.
   173 | D        | Found a radiant altar of Vehumet.
   178 | D        | Reached skill level 16 in Stealth
   180 | D        | Found Gahu Saw's Distillery.
   180 | D        | Found an ancient bone altar of Kikubaaqudgha.
   180 | D        | Found a hazy altar of Hepliaklqana.
   180 | D        | Found a stormy altar of Qazlal.
   180 | D        | Found a hide-covered altar of Uskayaw.
   180 | D        | Found a blossoming altar of Fedhas.
   180 | D        | Found a bloodstained altar of Trog.
   180 | D        | Found an iron altar of Okawaru.
   180 | D        | Found a basalt altar of Yredelemnul.
   180 | D        | Found a glowing golden altar of the Shining One.
   180 | D        | Found a snail-covered altar of Cheibriados.
   180 | D        | Found a sacrificial altar of Ru.
   180 | D        | Found a glowing silver altar of Zin.
   180 | D        | Found a shadowy altar of Dithmenos.
   180 | D        | Found a white marble altar of Elyvilon.
   180 | D        | Noticed a yak
   186 | D        | Killed a yak
   187 | D        | Reached skill level 17 in Stealth
   187 | D        | Found an opulent altar of Gozag.
   188 | D        | Found a sparkling altar of Nemelex Xobeh.
   194 | D        | Became a worshipper of Kikubaaqudgha
   403 | D        | Found a burning altar of Makhleb.
   403 | D        | Found a viscous altar of Jiyva.
   403 | D        | Found a shimmering altar of Xom.
   403 | D        | Found a corrupted altar of Lugonu.
   403 | D        | Noticed a slime creature
   406 | D        | Killed a slime creature
   407 | D        | Reached skill level 19 in Stealth
   407 | D        | Reached XP level 7. HP: 32/32 MP: 19/19
   422 | D        | Learned a level 3 spell: Confusing Touch
   426 | D        | Learned a level 3 spell: Dazzling Flash
   426 | D        | Noticed a kobold demonologist
   427 | D        | Noticed a kobold demonologist
   431 | D        | Noticed a smoke demon
   432 | D        | Paralysed by a floating eye for 2 turns
   435 | D        | Noticed a chaos spawn
   436 | D        | Reached skill level 1 in Ice Magic
   440 | D        | Slain by a chaos spawn

Illustrated notes

Levels and vault maps discovered:
D:        dungeon_sprint_1 [red_sonja_temple_1, red_sonja_temple_small_1]

Skill      XL: |  1  2  3  4  5  6  7 |
---------------+----------------------+-----
Dodging        | 3 4 6 7 |  7.5
Stealth        | 8 12 15 19 | 19.6
Spellcasting   | 3 5 6 7 8 |  8.3
Short Blades   | 2 |  2.3
Ice Magic      | 1 |  1.2
Hexes          | |  3.6

Action                   |  1- 3 |  4- 6 |  7- 9 || total
-------------------------+-------+-------+-------++-------
Melee: Dagger            |     7 |     5 |     2 ||    14
 Cast: Ensorcelled Hiber |       |     4 |     5 ||     9
  Use: Potion            |     1 |       |       ||     1
 Stab: Sleeping          |     2 |     4 |     1 ||     7
Armor: Robe              |     1 |       |       ||     1
Dodge: Dodged            |     2 |     3 |    12 ||    17
